 Dungeon Crawl Stone Soup version 0.23.2-1-ga50397a6bc (webtiles) character file.

Game seed: 3947466333235394808

1447 Freyura the Thaumaturge (level 8, -4/58 HPs)
             Began as a Gnoll Wizard on May 28, 2019.
             Was a Follower of Ashenzari.
             Slain by an orc warrior
             ... wielding a +0 glaive
              (17 damage)
             ... on level 7 of the Dungeon on May 29, 2019.
             The game lasted 00:57:56 (6513 turns).

Freyura the Thaumaturge (Gnoll Wizard)              Turns: 6513, Time: 00:58:01

Health: -4/58      AC:  8    Str: 10    XL:     8   Next: 75%
Magic:  15/20      EV: 16    Int: 22    God:    Ashenzari [*.....]
Gold:   345        SH:  0    Dex: 18    Spells: 17/23 levels left

rFire    . . .     SeeInvis .   u - +0 halberd (curse)
rCold    . . .     Gourm    .   (shield currently unavailable)
rNeg     . . .     Faith    .   q - +0 robe
rPois    .         Spirit   .   s - +0 helmet
rElec    .         Reflect  .   (no cloak)
rCorr    .         Harm     .   (no gloves)
MR       .....                  (no boots)
Stlth    +++.......             (no amulet)
HPRegen  0.19/turn              c - +4 ring of dexterity (curse)
MPRegen  0.17/turn              o - +5 ring of protection (curse)

@: no status effects
A: distributed training, fangs 1, strong nose
a: Curse Item, Scrying, Renounce Religion


You were on level 7 of the Dungeon.
You worshipped Ashenzari.
Ashenzari was aware of your devotion.
You were hungry.

You visited 2 branches of the dungeon, and saw 8 of its levels.

You collected 345 gold pieces.

Inventory:

Hand Weapons
 u - a cursed +0 halberd (weapon)
Missiles
 e - a throwing net (quivered)
Armour
 b - a +1 hat
 q - a +0 robe (worn)
 s - a +0 helmet (worn)
Jewellery
 c - a cursed +4 ring of dexterity (left hand)
 o - a cursed +5 ring of protection (right hand)
 w - an uncursed ring of protection from magic
Wands
 p - a wand of disintegration (11)
 t - a wand of digging (6)
Scrolls
 a - 3 scrolls of identify
 i - 2 scrolls of magic mapping
 k - a scroll of amnesia
 l - a scroll of teleportation
Potions
 f - 2 potions of flight
 g - a potion of brilliance
 h - 2 potions of ambrosia
 j - 3 potions of curing
 m - a potion of resistance
 n - a potion of lignification
 r - a potion of berserk rage
 v - 2 potions of cancellation
Comestibles
 d - 15 rations


   Skills:
 + Level 3.4 Fighting
 + Level 3.4 Short Blades
 + Level 3.4 Long Blades
 + Level 3.4 Axes
 + Level 3.4 Maces & Flails
 + Level 3.4 Polearms
 + Level 3.4 Staves
 + Level 3.4 Slings
 + Level 3.4 Bows
 + Level 3.4 Crossbows
 + Level 3.4 Throwing
 + Level 3.4 Armour
 + Level 5.8 Dodging
 + Level 5.5 Stealth
 + Level 3.4 Shields
 + Level 3.4 Unarmed Combat
 + Level 8.0 Spellcasting
 + Level 3.6 Conjurations
 + Level 2.8 Hexes
 + Level 2.8 Charms
 + Level 3.6 Summonings
 + Level 2.8 Necromancy
 + Level 3.6 Translocations
 + Level 2.8 Transmutations
 + Level 2.8 Fire Magic
 + Level 2.8 Ice Magic
 + Level 2.8 Air Magic
 + Level 2.8 Earth Magic
 + Level 2.8 Poison Magic
 + Level 3.8 Invocations
 + Level 3.4 Evocations


You had 17 spell levels left.
You knew the following spells:

 Your Spells              Type           Power        Failure   Level  Hunger
a - Magic Dart            Conj           ###.         1%          1    None
b - Call Imp              Summ           ###.....     2%          2    None
c - Conjure Flame         Conj/Fire      ###.....     6%          3    None

Your spell library contained the following spells:

 Spells                   Type           Power        Failure   Level  Hunger
 Beastly Appendage        Tmut           ###...       2%          1    None
 Corona                   Hex            ###....      2%          1    None
 Blink                    Tloc           N/A          2%          2    None
 Ensorcelled Hibernation  Hex/Ice        ###...       3%          2    None
 Slow                     Hex            ###.....     3%          2    None
 Sticks to Snakes         Tmut           ###.....     3%          2    None
 Dazzling Spray           Conj/Hex       ###...       6%          3    None
 Mephitic Cloud           Conj/Pois/Air  ###.....     6%          3    None
 Confuse                  Hex            ###.....     7%          3    None
 Spider Form              Tmut/Pois      ###.......   7%          3    None
 Tukima's Dance           Hex            ###.....     7%          3    None
 Ice Form                 Ice/Tmut       ###.....     22%         4    ###....
 Blade Hands              Tmut           ###.......   54%         5    #####..


Dungeon Overview and Level Annotations

Branches:
Dungeon (7/15)             Temple (1/1) D:6

Altars:
Ashenzari
Cheibriados
Dithmenos
Elyvilon
Fedhas
Gozag
Hepliaklqana
Kikubaaqudgha
Makhleb
Nemelex Xobeh
Okawaru
Ru
Sif Muna
Trog
Uskayaw
Vehumet
Wu Jian
Xom
Yredelemnul
Zin
The Shining One

Shops:
D:5 [


Innate Abilities, Weirdness & Mutations

Your experience applies equally to all skills.
You have very sharp teeth.
Your uncanny sense of smell can sniff out nearby items.


Message History

You don't know that spell.
Casting: Magic Dart (safe; 1% risk of failure)
Confirm with . or Enter, or press ? or * to list all spells.
You don't know that spell.
Casting: Magic Dart (safe; 1% risk of failure)
Confirm with . or Enter, or press ? or * to list all spells.
You don't know that spell.
Casting: Magic Dart (safe; 1% risk of failure)
Confirm with . or Enter, or press ? or * to list all spells.
A beastly little devil appears in a puff of flame.
The orc completely misses your crimson imp.
The orc warrior completely misses you.
The orc priest hits your crimson imp with a +0 club.
Casting: Call Imp (safe; 2% risk of failure)
Confirm with . or Enter, or press ? or * to list all spells.
A beastly little devil appears in a puff of frigid air.
The orc closely misses your crimson imp.
A jackal comes into view.
The orc warrior hits you from afar with a +0 glaive!
You die...

#### #... #... ##... ###
#.... #5# ######.... #
#@# #.........
#..##.#5#######.####....
#.....ooo.....#.# #....
#...#...........####....
#. #...#####........#.#
.......# ##########.#
####.... ........# ###h#
######### #.#


You could see an orc warrior, an orc priest, an orc, a jackal, a friendly
crimson imp and a friendly white imp.

Vanquished Creatures
  Grinder (D:3)
  An orc warrior (D:6)
  2 ogres (D:6)
  A bullfrog (D:6)
  A scorpion (D:4)
  A crimson imp (D:6)
  2 jellies
  An orc priest (D:6)
  2 orc wizards
  A centaur skeleton (D:6)
  2 worker ants
  Natasha (thrice) (D:3)
  3 gnolls (D:4)
  8 adders
  A white imp (D:4)
  An ooze (D:5)
  An adder skeleton (D:6)
  2 dart slugs
  4 leopard geckos
  6 orcs
  6 bats
  A giant cockroach (D:4)
  8 goblins
  5 hobgoblins
  8 jackals
  8 kobolds
  3 quokkas
  5 ball pythons
  8 frilled lizards
  8 rats
104 creatures vanquished.

Vanquished Creatures (collateral kills)
  Eustachio (D:6)
  A phantom (D:4)
  A centaur (D:7)
  A bullfrog (D:6)
  A crimson imp (D:4)
  2 hounds (D:6)
  An iguana (D:6)
  An adder (D:5)
  8 orcs
  A giant cockroach (D:6)
  A kobold (D:3)
  A quokka skeleton (D:6)
20 creatures vanquished.

Grand Total: 124 creatures vanquished

Notes
Turn   | Place    | Note
-------+----------+-------------------------------------------
     0 | D:1      | Freyura the Gnoll Wizard began the quest for the Orb.
     0 | D:1      | Reached XP level 1. HP: 13/13 MP: 8/8
    41 | D:1      | Reached XP level 2. HP: 18/19 MP: 1/10
   296 | D:1      | Learned a level 2 spell: Call Imp
   416 | D:1      | Reached XP level 3. HP: 25/25 MP: 9/11
   422 | D:1      | Learned a level 3 spell: Conjure Flame
  1140 | D:2      | Reached skill level 1 in Invocations
  1279 | D:2      | Reached skill level 1 in Fighting
  1279 | D:2      | Reached skill level 1 in Short Blades
  1279 | D:2      | Reached skill level 1 in Long Blades
  1279 | D:2      | Reached skill level 1 in Axes
  1279 | D:2      | Reached skill level 1 in Maces & Flails
  1279 | D:2      | Reached skill level 1 in Polearms
  1279 | D:2      | Reached skill level 1 in Staves
  1279 | D:2      | Reached skill level 1 in Slings
  1279 | D:2      | Reached skill level 1 in Bows
  1279 | D:2      | Reached skill level 1 in Crossbows
  1279 | D:2      | Reached skill level 1 in Throwing
  1279 | D:2      | Reached skill level 1 in Armour
  1279 | D:2      | Reached skill level 1 in Shields
  1279 | D:2      | Reached skill level 1 in Unarmed Combat
  1279 | D:2      | Reached skill level 1 in Evocations
  1301 | D:2      | Reached XP level 4. HP: 32/32 MP: 5/13
  1636 | D:2      | Reached skill level 1 in Hexes
  1636 | D:2      | Reached skill level 1 in Charms
  1636 | D:2      | Reached skill level 1 in Necromancy
  1636 | D:2      | Reached skill level 1 in Transmutations
  1636 | D:2      | Reached skill level 1 in Fire Magic
  1636 | D:2      | Reached skill level 1 in Ice Magic
  1636 | D:2      | Reached skill level 1 in Air Magic
  1636 | D:2      | Reached skill level 1 in Earth Magic
  1636 | D:2      | Reached skill level 1 in Poison Magic
  1647 | D:2      | Found a sparkling altar of Nemelex Xobeh.
  2002 | D:3      | Noticed Grinder
  2009 | D:3      | Paralysed by Grinder for 2 turns
  2040 | D:3      | Paralysed by Grinder for 7 turns
  2051 | D:3      | Killed Grinder
  2051 | D:3      | Reached XP level 5. HP: 7/38 MP: 1/14
  2051 | D:3      | Reached XP level 6. HP: 8/44 MP: 1/16
  2723 | D:3      | Reached skill level 5 in Dodging
  2826 | D:3      | Noticed Natasha
  2833 | D:3      | Killed Natasha
  2905 | D:3      | Noticed Natasha
  2914 | D:3      | Killed Natasha
  3049 | D:3      | Noticed Natasha
  3081 | D:3      | Killed Natasha
  3140 | D:4      | Found a shattered altar of Ashenzari.
  3152 | D:4      | Became a worshipper of Ashenzari the Shackled
  3215 | D:4      | Reached XP level 7. HP: 46/50 MP: 5/18
  3537 | D:4      | Found a blossoming altar of Fedhas.
  3895 | D:5      | Entered Level 5 of the Dungeon
  4023 | D:5      | Found March's Armour Boutique.
  4123 | D:5      | Got the uncursed scale mail of Bizoefuv {+Blink Regen+
                  | Str+2 Int+2}
  4134 | D:5      | Identified the +6 scale mail of Bizoefuv {+Blink Regen+
                  | Str+2 Int+2} (You found it on level 5 of the Dungeon)
  4171 | D:5      | Reached * piety under Ashenzari
  4544 | D:6      | Reached skill level 5 in Stealth
  4673 | D:6      | Reached XP level 8. HP: 57/57 MP: 5/19
  5258 | D:6      | Found a staircase to the Ecumenical Temple.
  5321 | Temple   | Entered the Ecumenical Temple
  5666 | D:6      | Noticed Eustachio
  5980 | D:6      | Killed Eustachio
  6095 | D:6      | Found a basalt altar of Yredelemnul.
  6217 | D:7      | Reached skill level 8 in Spellcasting
  6513 | D:7      | Slain by an orc warrior

Skill      XL: |  1  2  3  4  5  6  7  8 |
---------------+-------------------------+-----
Conjurations   | 2 3 |  3.6
Summonings     | 2 3 |  3.6
Translocations | 2 3 |  3.6
Invocations    | 1 2 3 |  3.8
Fighting       | 1 2 3 |  3.4
Short Blades   | 1 2 3 |  3.4
Long Blades    | 1 2 3 |  3.4
Axes           | 1 2 3 |  3.4
Maces & Flails | 1 2 3 |  3.4
Polearms       | 1 2 3 |  3.4
Staves         | 1 2 3 |  3.4
Slings         | 1 2 3 |  3.4
Bows           | 1 2 3 |  3.4
Crossbows      | 1 2 3 |  3.4
Throwing       | 1 2 3 |  3.4
Armour         | 1 2 3 |  3.4
Shields        | 1 2 3 |  3.4
Unarmed Combat | 1 2 3 |  3.4
Evocations     | 1 2 3 |  3.4
Hexes          | 1 2 |  2.8
Charms         | 1 2 |  2.8
Necromancy     | 1 2 |  2.8
Transmutations | 1 2 |  2.8
Fire Magic     | 1 2 |  2.8
Ice Magic      | 1 2 |  2.8
Air Magic      | 1 2 |  2.8
Earth Magic    | 1 2 |  2.8
Poison Magic   | 1 2 |  2.8
Dodging        | 5 |  5.8
Stealth        | 5 |  5.5
Spellcasting   | 8 |  8.0

Action                   |  1- 3 |  4- 6 |  7- 9 || total
-------------------------+-------+-------+-------++-------
Melee: Dagger            |       |    32 |       ||    32
       Bite              |       |     7 |     3 ||    10
       Halberd           |       |       |   117 ||   117
 Cast: Magic Dart        |    73 |    97 |   112 ||   282
       Call Imp          |       |     8 |    22 ||    30
       Conjure Flame     |       |     1 |     5 ||     6
Invok: Curse Item        |       |       |     3 ||     3
  Use: Scroll            |       |     7 |     7 ||    14
       Potion            |       |       |     2 ||     2
 Stab: Sleeping          |       |     2 |       ||     2
       Distracted        |       |       |     1 ||     1
  Eat: Chunk             |     1 |     6 |     3 ||    10
       Ration            |       |       |     2 ||     2
Armor: Robe              |       |     7 |    13 ||    20
       Skin              |       |       |    10 ||    10
Dodge: Dodged            |     1 |    35 |    96 ||   132
